 Dungeon Crawl Stone Soup version 0.30-a0-718-geaa24f58ff (webtiles) character file.

Game seed: 16078429969813902459

2767 hikkokomori the Trooper (level 9, -3/73 HPs)
             Began as a Vine Stalker Fighter on Jan 26, 2023.
             Was a Priest of Okawaru.
             Succumbed to a redback's poison
             ... on level 8 of the Dungeon.
             The game lasted 00:09:09 (5849 turns).

hikkokomori the Trooper (Vine Stalker Fighter)      Turns: 5849, Time: 00:09:10

Health: -3/73      AC: 24    Str: 21    XL:     9   Next: 69%
Magic:  3/11       EV:  2    Int:  8    God:    Okawaru [***...]
Gold:   406        SH:  5    Dex: 16    Spells: 8/8 levels left

rFire   + . .      SeeInvis .    a - +0 rapier
rCold   . . .      Faith    .    c - +0 buckler
rNeg    . . .      Spirit   +    (body armour currently unavailable)
rPois   +          Reflect  .    (helmet currently unavailable)
rElec   .          Harm     .    (cloak currently unavailable)
rCorr   .          Rampage  .    (gloves currently unavailable)
Will    +....      NoTele   +    (boots currently unavailable)
Stlth   +                        (no amulet)
HPRegen 1.12/turn                f - ring of flight
MPRegen 0.12/turn                o - ring of protection from fire

@: lethally poisoned (-3 -> -14), tree-form, attractive
A: stationary, stasis, torment immunity, boosted hp, (fangs 3), regeneration 1,
magic shield, (antimagic bite), no potion heal 2
a: Renounce Religion, Heroism


You were on level 8 of the Dungeon.
You worshipped Okawaru.
Okawaru was most pleased with you.
You were a tree.
You visited 2 branches of the dungeon, and saw 9 of its levels.

You collected 406 gold pieces.

Inventory:

Hand Weapons
 a - a +0 rapier (weapon)
Missiles
 B - 5 silver javelins (quivered)
Armour
 b - a +0 scale mail
 c - a +0 buckler (worn)
 j - a +2 scale mail of poison resistance
 n - a +0 helmet (melded)
 q - a +0 cloak (melded)
 s - a +0 pair of boots
 u - a +1 pair of boots (melded)
 y - the +7 Kryia's mail coat (melded) {PotionHeal*2 rC+}
   (You took it off a kobold on level 5 of the Dungeon)

   PotionHeal*2: Potions heal its wearer twice as much.
   rC:        It protects you from cold.
 D - a +1 hat
Jewellery
 f - a ring of flight (left branch)
 h - a ring of protection from fire
 o - a ring of protection from fire (right branch)
 v - a ring of positive energy
 F - a ring of protection from cold
Wands
 t - a wand of polymorph (11)
 E - a wand of flame (30)
Scrolls
 e - 3 scrolls of noise
 g - a scroll of fear {unknown}
 i - a scroll of teleportation
 w - a scroll of vulnerability {unknown}
 x - 3 scrolls of identify
 z - a scroll of fog {unknown}
 C - 2 scrolls of torment {unknown}
Potions
 d - a potion of might
 k - a potion of flight
 l - a potion of ambrosia
 p - 3 potions of heal wounds
 r - 2 potions of lignification


   Skills:
 + Level 6.8 Fighting
 + Level 6.4 Short Blades
 + Level 6.2 Armour
 - Level 5.1 Shields
 + Level 2.2 Invocations


You had 8 spell levels left.
You didn't know any spells.
Your spell library contained the following spells:

 Spells                   Type           Power      Damage    Failure   Level
 Beastly Appendage        Tmut           0%         N/A       50%         1
 Magic Dart               Conj           0%         1d3       50%         1
 Searing Ray              Conj           0%         2d4       63%         2
 Wereblood                Tmut           0%         N/A       63%         2
 Ignite Poison            Fire/Tmut/Pois 0%         N/A       86%         3
 Mephitic Cloud           Conj/Pois/Air  0%         N/A       86%         3
 Portal Projectile        Hex/Tloc       0%         N/A       86%         3
 Spider Form              Tmut/Pois      0%         N/A       86%         3
 Fulminant Prism          Conj/Hex       0%         3d5       99%         4
 Sticky Flame             Conj/Fire      0%         2d3       99%         4
 Blade Hands              Tmut           0%         N/A       100%        5
 Ignition                 Fire           0%         3d3       100%        8
 Call Imp                 Summ           Unusable   N/A       N/A         2
 Tukima's Dance           Hex            Unusable   N/A       N/A         3

Dungeon Overview and Level Annotations

Branches:
Dungeon (8/15)             Temple (1/1) D:4
   Lair: D:8-11

Altars:
Ashenzari
Cheibriados
Dithmenos
Elyvilon
Fedhas
Gozag
Hepliaklqana
Kikubaaqudgha
Makhleb
Nemelex Xobeh
Okawaru
Qazlal
Ru
Sif Muna
Trog
Uskayaw
Vehumet
Wu Jian
Xom
Zin
The Shining One


Innate Abilities, Weirdness & Mutations

You are a tree.
Your roots penetrate the ground, keeping you stationary.
You cannot be teleported.
You are immune to unholy pain and torment.
Your maximum health is greatly increased.
Your equipment is partially melded.
((You have razor-sharp teeth.))
Your natural rate of healing is unusually fast.
When hurt, damage is shared between your health and your magic reserves.
((Your bite disrupts and absorbs the magic of your enemies.))
Potions cannot restore your health.


Message History

You closely miss the redback. You bite the redback. You drain its power.
The redback is almost dead.
The redback bites you!
* * * LOW HITPOINT WARNING * * *
You are lethally poisoned!
The redback poisons you! The redback barely misses you.
Your system rejects the healing.
You feel better. The redback bites you.
* * * LOW HITPOINT WARNING * * *
You are lethally poisoned!
The redback poisons you!
Your system rejects the healing.
You feel better. The redback closely misses you.
You block the redback's attack.
You barely miss the redback. You bite the redback. You drain its power.
You feel invigorated.
The redback is almost dead.
The redback bites you.
* * * LOW HITPOINT WARNING * * *
You are lethally poisoned!
The redback poisons you!
Okay, then.
Really quaff the potion of lignification?
You turn into a tree.
Your +0 cloak melds into your body.
Your +0 helmet melds into your body.
Your +1 pair of boots melds into your body.
The +7 Kryia's mail coat {PotionHeal*2 rC+} melds into your body.
Your attunement to healing potions decreases.
Your roots penetrate the ground.
* * * LOW HITPOINT WARNING * * *
You feel extremely sick.
The redback bites you but does no damage.
You hit the redback but do no damage.
The redback is almost dead.
* * * LOW HITPOINT WARNING * * *
You feel very sick.
The redback bites you but does no damage.
The redback bites you.
Okay, then.
It was a potion of attraction.
You feel attractive to monsters.
You die...

. .# #..###
#...... ###....o
#.....o# ##.#..o.#
#.♣#....#
#####s##....# #
#..).5o.o...## .
#.....)......####
#
#..>....####....##
# #.......#
####..### #
#.......#
##...####
#.......# ###.....
#.......# ######


You could see a redback and a white imp.

Vanquished Creatures
  Sigmund (D:5)
  4 water moccasins
  An ice beast (D:6)
  An orc warrior (D:7)
  2 black bears
  2 ogres (D:6)
  2 phantoms
  A kobold brigand (D:5)
  2 necrophages (D:7)
  2 bullfrogs (D:7)
  2 scorpions
  5 howler monkeys
  2 electric eels (D:7)
  2 orc priests
  6 hounds
  Crazy Yiuf (D:3)
  4 iguanas
  A gnoll bouda (D:4)
  5 orc wizards
  4 gnolls (D:4)
  10 adders
  An ufetubus (D:5)
  4 worms
  6 dart slugs
  22 orcs
  13 endoplasms
  2 giant cockroaches
  9 hobgoblins
  10 jackals
  4 quokkas
  8 ball pythons
  3 bats (D:1)
  5 frilled lizards
  8 goblins
  18 kobolds
  6 rats
179 creatures vanquished.

Notes
Turn   | Place    | Note
-------+----------+-------------------------------------------
     0 | D:1      | hikkokomori the Vine Stalker Fighter began the quest for
                  | the Orb.
     0 | D:1      | Reached XP level 1. HP: 11/11 MP: 2/2
   180 | D:1      | Reached XP level 2. HP: 16/16 MP: 3/3
   300 | D:1      | Reached XP level 3. HP: 14/20 MP: 2/4
   809 | D:2      | Gained mutation: Your natural rate of healing is unusually
                  | fast. [Vine Stalker growth]
   809 | D:2      | Reached XP level 4. HP: 9/24 MP: 3/5
  1568 | D:3      | Reached XP level 5. HP: 27/28 MP: 6/6
  1801 | D:3      | Found a runed translucent door.
  1802 | D:3      | Noticed Crazy Yiuf
  1925 | D:3      | Found a shimmering altar of Xom.
  2138 | D:3      | Found a bloodstained altar of Trog.
  2259 | D:3      | Killed Crazy Yiuf
  2451 | D:4      | Reached XP level 6. HP: 33/33 MP: 7/7
  2933 | D:4      | Found a staircase to the Ecumenical Temple.
  2978 | Temple   | Entered the Ecumenical Temple
  3134 | Temple   | Became a worshipper of Warmaster Okawaru
  3212 | D:5      | Entered Level 5 of the Dungeon
  3587 | D:5      | Reached XP level 7. HP: 37/37 MP: 8/8
  3747 | D:5      | Found The Oracle's Delphic Readings.
  3898 | D:5      | Reached * piety under Okawaru
  3980 | D:5      | Gained mutation: You have razor-sharp teeth. [Vine Stalker
                  | growth]
  3980 | D:5      | Reached XP level 8. HP: 42/42 MP: 6/9
  4279 | D:5      | Noticed Sigmund
  4312 | D:5      | Killed Sigmund
  4313 | D:5      | Reached skill level 5 in Fighting
  4313 | D:5      | Reached skill level 5 in Shields
  4551 | D:6      | Reached ** piety under Okawaru
  4552 | D:6      | Reached skill level 5 in Short Blades
  4552 | D:6      | Reached skill level 5 in Armour
  4790 | D:6      | Reached XP level 9. HP: 38/48 MP: 10/10
  5326 | D:7      | Reached skill level 1 in Invocations
  5354 | D:7      | Reached *** piety under Okawaru
  5811 | D:8      | Noticed a two-headed ogre
  5832 | D:8      | a two-headed ogre changed into a redback
  5848 | D:8      | HP: 1/73 [poisoned by a redback]
  5849 | D:8      | Succumbed to a redback's poison

Illustrated notes

Levels and vault maps discovered:
D:1:      lightli_arrival_maybe_door_vault, layout_rooms, serial_bayou_pond_c,
          minmay_splitting_lines, corexii_item_surrounded_by_moat,
          bh_walls_and_bars
D:2:      minmay_recursive_quarters, layout_basic
D:3:      layout_basic, mainiacjoe_overflow_swirl, minmay_mini_jars,
          uniq_crazy_yiuf_cottage
D:4:      layout_basic, minmay_temple_entry_offerings
D:5:      layout_cave_pods, nicolae_nh_oracle_at_delphi, uniq_sigmund
D:6:      layout_rooms
D:7:      layout_gridville, kennysheep_boxes
D:8:      layout_rooms, lair_entry_dummy
Temple:   nicolae_temple_bog_church

Skill      XL: |  1  2  3  4  5  6  7  8  9 |
---------------+----------------------------+-----
Short Blades   | 2 3 4 5 6 |  6.4
Shields        | 3 4 5 |  5.1
Fighting       | 3 4 5 6 |  6.8
Armour         | 3 4 5 6 |  6.2
Invocations    | 2 |  2.2

Action                     |  1- 3 |  4- 6 |  7- 9 || total
---------------------------+-------+-------+-------++-------
  Melee: Rapier            |   101 |   307 |   394 ||   802
         Bite              |    26 |    93 |   127 ||   246
  Evoke: Wand              |       |       |     2 ||     2
    Use: Scroll            |       |    10 |       ||    10
         Potion            |       |       |     5 ||     5
 Armour: Scale mail        |    65 |   161 |   233 ||   459
         Skin              |       |       |     2 ||     2
  Dodge: Dodged            |    65 |   118 |   168 ||   351
  Block: Buckler           |    19 |    81 |    86 ||   186

Table legend: (Time is in decaauts)
 A = Elapsed time spent in this place.
 B = Non-inter-level travel time spent in this place.
 C = Inter-level travel time spent in this place.
 D = Time resting spent in this place.
 E = Time spent auto-exploring this place.
 F = Levels seen in this place.
 G = Mean time per level.
                   A        B        C        D        E       F      G
               +--------+--------+--------+--------+--------+-----+--------+
         Total |   5881 |   5540 |    341 |      9 |   4111 |   9 |  653.4 |
       Dungeon |   5712 |   5410 |    302 |      9 |   3997 |   8 |  714.0 |
        Temple |    169 |    130 |     39 |      0 |    114 |   1 |  169.0 |
               +--------+--------+--------+--------+--------+-----+--------+

Top non-repeatable levels by time:
     D:5: 1054 daAuts
     D:3: 919 daAuts
     D:4: 881 daAuts
     D:2: 857 daAuts
     D:7: 833 daAuts
     D:1: 600 daAuts
     D:6: 507 daAuts
  Temple: 169 daAuts
     D:8: 57 daAuts
